AoeStats
← yanghero

Arena

510526192Analyzed
1v1 RM · 17h ago on Oct 1, 2026· 20m 26s· 2 players
Game mode
Random Map
Map size
Tiny (2 player)
Population
200
Speed
Normal
Resources
Standard
Victory
Conquest
Starting age
Dark Age
Ending age
Imperial Age
RankedLock teamsTeams togetherTeam positionsShared explorationLock speedFull tech treeHidden civsTurbo modeCheats
Victory
Defeat
🇹🇼 Britons · Taiwan
817
+15
🇪🇪 Britons · Estonia
793
-15
Jaanus-O-
0:40 Loom
11:47 Feudal Age
12:37 Horse Collar
12:44 Double-Bit Axe
19:44 Castle Age
18:14 Gold Mining
18:23 Stone Mining
18:40 Fletching
19:06 Padded Archer Armor
yanghero
10:34 Feudal Age
16:43 Castle Age
14:44 Double-Bit Axe
15:03 Horse Collar
15:22 Stone Mining
17:37 Bow Saw
17:30 Heavy Plow
17:47 Gold Mining
19:19 Gold Shaft Mining
Connection lost

Rejoining the realm…

Still unreachable

The connection could not be restored.

Session expired

The server has moved on; the page needs a fresh start.